 Dungeon Crawl Stone Soup version 0.24.0-123-gd5b16e6ec5 (webtiles) character file.

Game seed: 14903513733931195564, levelgen mode: deterministic

30865 Johnny the Fencer (level 12, -4/151 HPs)
             Began as a Demigod Gladiator on Jan 23, 2020.
             Slain by a yak (7 damage)
             ... on level 5 of the Lair of Beasts.
             The game lasted 00:27:29 (19718 turns).

Johnny the Fencer (Demigod Gladiator)              Turns: 19718, Time: 00:27:29

Health: -4/151     AC: 26    Str: 30    XL:     12   Next: 94%
Magic:  15/15      EV:  2    Int: 12    God:
Gold:   553        SH:  0    Dex: 17    Spells: 11/11 levels left

rFire    . . .     SeeInvis .   G - +2 scimitar (flame)
rCold    . . .     Gourm    .   (no shield)
rNeg     + + +     Faith    .   (armour currently unavailable)
rPois    +         Spirit   .   (helmet currently unavailable)
rElec    .         Reflect  .   (cloak currently unavailable)
rCorr    .         Harm     .   (gloves currently unavailable)
MR       +....     NoTele   +   (boots currently unavailable)
Stlth    ++........             b - amulet of regeneration
HPRegen  0.75/turn              B - ring of positive energy
MPRegen  0.14/turn              p - +3 ring of slaying

@: mighty, tree-form, slowed, very slow
A: high mp 1
a: no special abilities


You were on level 5 of the Lair of Beasts.
You were hungry.
You were a tree.
You visited 3 branches of the dungeon, and saw 18 of its levels.

You collected 1191 gold pieces.
You spent 638 gold pieces at shops.

Inventory:

Hand Weapons
 n - a +1 short sword of venom
 q - a +2 long sword of holy wrath
 G - a +2 scimitar of flaming (weapon)
Missiles
 D - 3 throwing nets (quivered)
Armour
 a - a +1 helmet (melded)
 c - +0 acid dragon scales (melded)
 e - the +2 cloak of Depression (melded) {Str+5}
   (You bought it in a shop on level 6 of the Dungeon)

   It affects your strength (+5).
Jewellery
 b - an amulet of regeneration (around neck)
 k - an uncursed ring of fire
 p - a +3 ring of slaying (right branch)
 r - an uncursed ring of resist corrosion
 B - a ring of positive energy (left branch)
 H - a +6 amulet of reflection
Wands
 i - a wand of polymorph (7)
 s - a wand of iceblast (6)
Scrolls
 g - 5 scrolls of fog
 m - 5 scrolls of magic mapping
 t - 4 scrolls of enchant armour
 v - 7 scrolls of remove curse
 w - a scroll of amnesia
 E - 2 scrolls of immolation
 F - a scroll of noise
Potions
 d - a potion of magic
 h - a potion of might
 j - 3 potions of flight
 u - 4 potions of brilliance
Comestibles
 f - 23 rations


   Skills:
 + Level 8.1 Fighting
 * Level 18.0 Long Blades
 - Level 1.7 Throwing
 + Level 4.1 Armour
 + Level 5.0 Dodging


You had 11 spell levels left.
You didn't know any spells.
Your spell library contained the following spells:

 Spells                   Type           Power        Failure   Level  Hunger
 Confusing Touch          Hex            #.....       32%         1    ##.....
 Summon Small Mammal      Summ           #...         32%         1    ##.....
 Call Imp                 Summ           #.......     45%         2    ###....
 Call Canine Familiar     Summ           #.......     69%         3    ####...
 Confuse                  Hex            #.......     69%         3    ####...
 Gell's Gravitas          Tloc           #.........   69%         3    ####...
 Summon Guardian Golem    Hex/Summ       #.......     69%         3    ####...
 Petrify                  Tmut/Erth      #.......     97%         4    #####..
 Summon Ice Beast         Ice/Summ       #.......     97%         4    #####..
 Summon Lightning Spire   Summ/Air       #.......     97%         4    #####..
 Metabolic Englaciation   Hex/Ice        #.........   100%        5    ######.
 Silence                  Hex/Air        #.........   100%        5    ######.
 Yara's Violent Unravell  Hex/Tmut       #.........   100%        5    ######.
 Conjure Ball Lightning   Conj/Air       #.........   100%        6    #######
 Deflect Missiles         Chrm/Air       #.........   100%        6    #######
 Poison Arrow             Conj/Pois      #.........   100%        6    #######
 Chain Lightning          Conj/Air       #.........   100%        8    #######
 Lehudib's Crystal Spear  Conj/Erth      #.........   100%        8    #######
 Fire Storm               Conj/Fire      #.........   100%        9    #######
 Glaciate                 Conj/Ice       #.........   100%        9    #######
 Tornado                  Air            #.........   100%        9    #######


Dungeon Overview and Level Annotations

Branches:
Dungeon (11/15)            Temple (0/1) D:7            Lair (5/6) D:8
 Shoals (0/4) Lair:3        Slime (0/5) Lair:5          Orc (2/2) D:10
    Elf (0/3) Orc:2
  Snake: Lair:2-4    Spider: Lair:2-4

Shops:
D:5 ?   D:6 =[   D:11 (

Annotations:
D:4 1 runed translucent door, rtg's ghost, amateur HuCj
D:7 exclusion: ice statue
Lair:5 3 runed translucent doors, Faustar's ghost, journeyman TrBe; Kirke


Innate Abilities, Weirdness & Mutations

You have an increased reservoir of magic. (+10% MP)


Message History

The bullfrog gives a loud, deep croak!
The yak bellows! x2
You hear an angry squeal.
The yak gores you.
* * * LOW HITPOINT WARNING * * *
Unknown command.
Really quaff the potion of lignification?
You turn into a tree.
The +2 cloak of Depression {Str+5} melds into your body.
Your +1 helmet melds into your body.
Your +0 acid dragon scales melds into your body.
Your roots penetrate the ground.
The yak gores you!
* * * LOW HITPOINT WARNING * * *
The bullfrog hits you but does no damage.
Unknown command.
Unknown command.
You feel very mighty all of a sudden. The bullfrog barely misses you.
The yak gores you!
* * * LOW HITPOINT WARNING * * *
The yak gores you but does no damage. The yak gores you!
You die...

...... ##......
......).......# #.h.H...
..............# #Y......
#..............#.+......
#................#......
#..............#######.#
.....YY.......# #.
#.....YYF.....# #
#♣Y..P# #######


You could see 5 yaks and a bullfrog.

Vanquished Creatures
  A stone giant (Orc:2)
  3 hydras
  Erica (D:10)
  A two-headed ogre (Orc:2)
  A queen ant (D:11)
  8 elephants
  2 black mambas
  A torpor snail (Lair:2)
  5 spiny frogs
  2 rime drakes
  4 komodo dragons
  2 hornets
  13 blink frogs
  2 hippogriffs
  Sigmund (D:6)
  A spriggan (D:10)
  A human (D:10)
  A hog (Lair:5)
  13 yaks
  4 vampire mosquitoes (D:11)
  3 hungry ghosts
  6 wargs
  5 water moccasins
  7 soldier ants (D:11)
  An acid dragon (D:11)
  5 porcupines
  6 ice beasts
  7 necrophages
  12 orc warriors
  A sky beast (D:11)
  3 eyes of draining
  A phantom (D:10)
  7 ogres
  7 crocodiles
  A big kobold (D:8)
  15 bullfrogs
  3 scorpions
  3 electric eels (D:5)
  11 wights
  2 centaur zombies
  5 crimson imps
  2 hounds
  A jelly (D:8)
  15 orc priests
  A bullfrog skeleton (D:8)
  A bullfrog zombie (D:10)
  4 centaur skeletons
  A quasit (D:5)
  Crazy Yiuf (D:6)
  2 iguanas
  22 orc wizards
  27 worker ants
  A killer bee zombie (D:9)
  A hound skeleton (D:5)
  2 mummies
  2 howler monkey zombies (D:8)
  4 worker ant zombies
  6 adders
  A shadow imp (D:5)
  3 oozes
  4 worms
  6 leopard geckos
  74 orcs
  2 ball pythons
  9 giant cockroaches
  12 goblins
  3 hobgoblins
  17 jackals
  6 quokkas
  8 bats
  4 frilled lizards
  13 kobolds
  A quokka zombie (D:5)
  6 rats
440 creatures vanquished.

Vanquished Creatures (others)
  6 fungi (Lair:5)
  A plant (Lair:5)
  A withered plant (D:8)
8 creatures vanquished.

Grand Total: 448 creatures vanquished

Notes
Turn   | Place    | Note
-------+----------+-------------------------------------------
     0 | D:1      | Johnny the Demigod Gladiator began the quest for the Orb.
     0 | D:1      | Reached XP level 1. HP: 17/17 MP: 3/3
    89 | D:1      | Reached skill level 3 in Long Blades
   187 | D:1      | Reached XP level 2. HP: 24/24 MP: 4/4
   837 | D:2      | Reached skill level 4 in Long Blades
   837 | D:2      | Reached XP level 3. HP: 27/29 MP: 5/5
  1318 | D:2      | Reached XP level 4. HP: 29/36 MP: 6/6
  2363 | D:3      | Reached skill level 5 in Long Blades
  2418 | D:3      | Found a white marble altar of Elyvilon.
  2961 | D:3      | Found a glowing golden altar of the Shining One.
  3046 | D:4      | Reached XP level 5. HP: 13/41 MP: 7/7
  3465 | D:4      | Found a runed translucent door.
  3466 | D:4      | Noticed rtg's ghost (amateur HuCj)
  3839 | D:5      | Entered Level 5 of the Dungeon
  3868 | D:5      | Reached skill level 6 in Long Blades
  3899 | D:5      | Reached XP level 6. HP: 17/48 MP: 8/8
  4243 | D:5      | Reached skill level 7 in Long Blades
  4681 | D:5      | Found Saic's Magic Scroll Shoppe.
  4730 | D:5      | Bought 2 scrolls of identify for 40 gold pieces
  4730 | D:5      | Bought a scroll of teleportation for 30 gold pieces
  4730 | D:5      | Bought a scroll of identify for 20 gold pieces
  4730 | D:5      | Bought a scroll of identify for 20 gold pieces
  4730 | D:5      | Bought a scroll of fog for 20 gold pieces
  4730 | D:5      | Bought a scroll of identify for 20 gold pieces
  4730 | D:5      | Bought a scroll of identify for 20 gold pieces
  4730 | D:5      | Bought a scroll of fog for 20 gold pieces
  5063 | D:5      | Reached skill level 12 in Long Blades
  5063 | D:5      | Reached XP level 7. HP: 53/53 MP: 9/9
  5064 | D:5      | Reached skill level 14 in Long Blades
  5064 | D:5      | Reached XP level 8. HP: 60/60 MP: 10/10
  5292 | D:5      | Noticed a hornet
  5305 | D:5      | Paralysed by a hornet for 1 turns
  5307 | D:5      | Killed a hornet
  5307 | D:5      | Reached XP level 9. HP: 25/67 MP: 11/11
  5728 | D:5      | Reached skill level 15 in Long Blades
  5961 | D:6      | Noticed Sigmund
  5970 | D:6      | Killed Sigmund
  5976 | D:6      | Found Kior Gyu's Jewellery Shoppe.
  6648 | D:6      | Found a runed translucent door.
  6649 | D:6      | Noticed Crazy Yiuf
  6679 | D:6      | Found Not Joag's Armour Emporium.
  6771 | D:6      | Found an opulent altar of Gozag.
  6977 | D:6      | Killed Crazy Yiuf
  7739 | D:7      | Found a white marble altar of Elyvilon.
  7768 | D:7      | Found a staircase to the Ecumenical Temple.
  8063 | D:7      | Noticed an ice statue
  8555 | D:7      | Reached XP level 10. HP: 35/75 MP: 13/13
  8953 | D:8      | Found a staircase to the Lair.
  9436 | D:8      | Found a shimmering altar of Xom.
  9536 | D:8      | Found a sacrificial altar of Ru.
 10068 | D:9      | Paralysed by a hornet for 1 turns
 10633 | D:9      | Found a burning altar of Makhleb.
 10925 | D:10     | Entered Level 10 of the Dungeon
 11218 | D:10     | Reached skill level 16 in Long Blades
 11237 | D:10     | Paralysed by a wight for 4 turns
 11585 | D:10     | Found a staircase to the Orcish Mines.
 11992 | D:10     | Noticed Erica
 12026 | D:10     | Paralysed by something for 7 turns
 12046 | D:10     | Killed Erica
 12046 | D:10     | Reached skill level 5 in Fighting
 12046 | D:10     | Reached XP level 11. HP: 30/86 MP: 14/14
 12645 | D:11     | Found Wugriazu's Weapon Emporium.
 12756 | D:11     | Noticed a queen ant
 12892 | D:11     | Killed a queen ant
 13272 | D:11     | Noticed a skeletal warrior
 13280 | D:11     | Noticed a skeletal warrior
 13286 | D:11     | Noticed a skeletal warrior
 13288 | D:11     | Noticed a skeletal warrior
 13294 | D:11     | Noticed a skeletal warrior
 13534 | Orc:1    | Entered Level 1 of the Orcish Mines
 13708 | Orc:2    | Entered Level 2 of the Orcish Mines
 14042 | Orc:2    | Found a staircase to the Elven Halls.
 14299 | Orc:2    | Noticed a stone giant
 14313 | Orc:2    | HP: 3/89 [stone giant/large rock (49)]
 14347 | Orc:2    | Killed a stone giant
 14799 | Orc:2    | Noticed a two-headed ogre
 14807 | Orc:2    | Reached skill level 17 in Long Blades
 14813 | Orc:2    | Killed a two-headed ogre
 15224 | Orc:1    | Noticed an orc warlord
 15482 | D:6      | Bought the +2 cloak of Depression {Str+5} for 448 gold
                  | pieces
 15550 | Lair:1   | Entered Level 1 of the Lair of Beasts
 15731 | Lair:1   | Reached skill level 1 in Armour
 15956 | Lair:1   | Reached XP level 12. HP: 61/100 MP: 15/15
 16409 | Lair:1   | Noticed a seven-headed hydra
 16425 | Lair:1   | Killed a one-headed hydra
 17838 | Lair:2   | Noticed a six-headed hydra
 17845 | Lair:2   | Killed a three-headed hydra
 18414 | Lair:3   | Found a staircase to the Shoals.
 19307 | Lair:3   | Noticed a six-headed hydra
 19314 | Lair:3   | Killed a three-headed hydra
 19586 | Lair:4   | Reached skill level 5 in Dodging
 19604 | Lair:4   | You fall into a shaft and drop 1 floor!
 19625 | Lair:5   | Reached skill level 18 in Long Blades
 19638 | Lair:5   | Noticed Kirke
 19680 | Lair:5   | HP: 2/101 [basilisk (14)]
 19702 | Lair:5   | Found a runed translucent gate.
 19702 | Lair:5   | Found a runed translucent gate.
 19702 | Lair:5   | Found a runed translucent gate.
 19707 | Lair:5   | Noticed Faustar's ghost (journeyman TrBe)
 19715 | Lair:5   | Found a viscous altar of Jiyva.
 19715 | Lair:5   | Found a staircase to the Slime Pits.
 19718 | Lair:5   | HP: 3/151 [yak (9)]
 19718 | Lair:5   | Slain by a yak

Levels and vault maps discovered:
D:1:      kilobyte_arrival_exit_the_forest, layout_basic
D:2:      layout_basic
D:3:      layout_basic, lemuel_coloured_pillars_altar, elyvilon_altar_5
D:4:      layout_rooms, gammafunk_ghost_grave
D:5:      cheibrodos_two_vegetables, layout_loops_corners, first_ration,
          serial_shops, nicolae_shop_waterfront
D:6:      layout_cave_pools, grunt_gozag_breadcrumbs, serial_shops, shop,
          nicolae_shop_temple_entry_statues_fountains, hex_tiny, uniq_sigmund,
          uniq_crazy_yiuf_cottage
D:7:      lemuel_ice_statue, layout_basic, minmay_temple_entry_wispy,
          basic_altar, lemuel_statue_altar
D:8:      layout_rooms, kennysheep_mini_moat, lemuel_round_altar,
          dpeg_oklobed_lair, serial_undead, serial_undead_b, serial_undead_e,
          serial_undead_a, serial_undead_f, serial_undead_d, serial_undead_b,
          serial_undead_c, serial_undead_d, serial_undead_a, serial_undead_e
D:9:      layout_loops_corners, bloody_makhleb
D:10:     layout_roguey, erik_orc_4, serial_rivers,
          chequers_serial_rivers_marsh, chequers_serial_rivers_room_b,
          chequers_serial_rivers_micro_d, chequers_serial_rivers_micro_e,
          grunt_pizzeria, minmay_misc_feat_roman, uniq_erica
D:11:     layout_stronghold, serial_shops, shop, zaba_antful_of_joy
Lair:1:   layout_cave_pods, lemuel_fruit_fields
Lair:2:   layout_cave_pods, lemuel_fruit_fields
Lair:3:   layout_long_grid, shoals_dummy_entry
Lair:4:   layout_loops_ring, nicolae_spider_entry_tight_spaces, basic_altar,
          infiniplex_staircase_pool_2
Lair:5:   layout_roguey, slime_altar_1, gammafunk_ghost_necromancy, uniq_kirke
Orc:1:    layout_caves
Orc:2:    grunt_orc_tribal_feast, layout_diamond_mine, nicolae_orc_lava_room

Skill      XL: |  1  2  3  4  5  6  7  8  9 10 11 12 |
---------------+-------------------------------------+-----
Long Blades    | 3 4 5 6 12 14 15 16 17 18 | 18.0
Fighting       | 2 5 7 8 |  8.1
Armour         | 1 4 |  4.1
Dodging        | 3 5 |  5.0
Throwing       | |  1.7

Action                   |  1- 3 |  4- 6 |  7- 9 | 10-12 || total
-------------------------+-------+-------+-------+-------++-------
Melee: Long sword        |   108 |       |    72 |   197 ||   377
       Short sword       |    11 |   258 |   249 |   127 ||   645
       Scimitar          |       |       |       |   613 ||   613
Throw: Throwing net      |       |       |     3 |       ||     3
Evoke: Wand              |       |       |    16 |    15 ||    31
  Use: Scroll            |       |    12 |       |    20 ||    32
       Potion            |       |     2 |     2 |    17 ||    21
 Stab: Sleeping          |     3 |     1 |       |       ||     4
       Paralysed         |       |       |       |     3 ||     3
  Eat: Chunk             |     1 |    12 |    10 |    24 ||    47
       Ration            |       |       |     3 |     4 ||     7
Armor: Leather armour    |    27 |    17 |       |       ||    44
       Ring mail         |       |     7 |       |    69 ||    76
       Chain mail        |       |    81 |   112 |    57 ||   250
       Acid dragon scale |       |       |       |   130 ||   130
       Skin              |       |       |       |    10 ||    10
Dodge: Dodged            |   110 |   108 |    89 |   358 ||   665
Block: Other             |       |       |       |   159 ||   159
       Rpst.: Long sword |    27 |       |     7 |    14 ||    48
       Scimitar          |       |       |       |    74 ||    74
